 Dungeon Crawl Stone Soup version 0.18.1-8-gdd0e5ea (webtiles) character file.

107 Gagarin the Poker (level 4, -2/51 HPs)
             Began as a Merfolk Skald on June 1, 2016.
             Slain by Grinder (5 damage)
             ... on level 3 of the Dungeon.
             The game lasted 00:06:28 (2805 turns).

Gagarin the Poker (Merfolk Skald)                   Turns: 2805, Time: 00:06:29

Health: -2/51      AC: 22    Str: 12    XL:     4   Next: 86%
Magic:  2/7        EV:  2    Int: 12    God:
Gold:   81         SH:  0    Dex: 13    Spells: 2 memorised, 3 levels left

rFire  . . .     SeeInvis .     a - +0 spear
rCold  . . .     Gourm    .     (armour currently unavailable)
rNeg   + + +     Faith    .     (no shield)
rPois  +         Spirit   .     (helmet currently unavailable)
rElec  .         Dismiss  .     (cloak currently unavailable)
rCorr  .         Reflect  .     (gloves currently unavailable)
SustAt .         Harm     .     (boots currently unavailable)
MR     .....     NoTele   +     (no amulet)
Stlth  ++........               (no ring)
                                (no ring)

@: tree-form, very slightly contaminated, not resistant to hostile enchantments,
unstealthy
A: (change form in water), (swift swim)
a: no special abilities


You were on level 3 of the Dungeon.
You were hungry.
You were a tree.
You visited 1 branch of the dungeon, and saw 3 of its levels.

You collected 81 gold pieces.

Inventory:

Hand Weapons
 a - a +0 spear (weapon)
Missiles
 n - 8 tomahawks (quivered)
Armour
 b - a +0 leather armour (melded)
Jewellery
 v - an uncursed ring of protection from magic {unknown}
Scrolls
 h - 2 scrolls of teleportation
 i - a scroll of amnesia {unknown}
 j - 3 scrolls of identify {unknown}
 k - 2 scrolls of remove curse {unknown}
 s - a scroll of random uselessness {unknown}
 u - a scroll of fog {unknown}
 w - a scroll of enchant weapon {unknown}
Potions
 l - a potion of might {unknown}
 m - a potion of lignification
 p - a potion of agility {unknown}
 q - a potion of cancellation {unknown}
 r - a potion of heal wounds
 t - 2 potions of curing {unknown}
Books
 c - a book of Battle

   Spells                             Type                      Level
   a - Infusion                       Charms                       1
   b - Shroud of Golubria             Charms/Translocation         2
   c - Song of Slaying                Charms                       2
   d - Spectral Weapon                Hexes/Charms                 3
   e - Regeneration                   Charms/Necromancy            3
Comestibles
 d - 2 bread rations
 f - 2 chunks of flesh
 g - a beef jerky
 o - a slice of pizza


   Skills:
 + Level 2.9 Fighting
 + Level 3.9 Polearms
 + Level 1.7 Armour
 + Level 2.4 Dodging
 + Level 0.8 Stealth
 + Level 2.3 Spellcasting
 + Level 3.6 Charms


You had 3 spell levels left.
You knew the following spells:

 Your Spells              Type           Power        Failure   Level  Hunger
a - Infusion              Chrm           ##..         8%          1    ##.....
b - Regeneration          Chrm/Necr      #.........   43%         3    ####...


Dungeon Overview and Level Annotations

Branches:
Dungeon (3/15)

Altars:

Annotations:
D:3 Grinder


Message History

It was a potion of heal wounds.
You feel much better. Grinder hits you but does no damage.
The orc hits you but does no damage.
Drink which item? (? for menu, Esc to quit)
You feel much better. Grinder hits you but does no damage.
The orc barely misses you.
You hit the orc.
The orc explodes!
The fiery explosion engulfs you!
Ouch! That really hurt!
* * * LOW HITPOINT WARNING * * *
The fiery explosion engulfs the orc.
The orc explodes!
The fiery explosion engulfs the orc.
The orc explodes!
The fiery explosion engulfs the orc.
The orc explodes!
You are engulfed in roaring flames.
* * * LOW HITPOINT WARNING * * *
Grinder hits you.
You die...

##..)....# ....
#...)...# ...
#.......# ########..
#.......# #.......#
#.......# #.......#
#.......# #.......#
##.).....###.......#
..>.........####5#.#
#...........# #♣#
#<..........# #§#
#...........# #§#
#+#.......(.# #§#
....#....... §§#
............. §§#
....§§§§.......#
####


You could see Grinder (inner flame).

Vanquished Creatures
  4 adders (D:2)
  2 worms (D:2)
  A dart slug (D:1)
  A giant gecko (D:2)
  5 orcs (D:3)
  3 giant cockroaches
  8 goblins
  3 hobgoblins
  7 jackals (D:2)
  A quokka (D:2)
  8 bats
  5 giant newts
  6 kobolds
  7 rats
61 creatures vanquished.

Notes
Turn   | Place    | Note
--------------------------------------------------------------
     0 | D:1      | Gagarin the Merfolk Skald began the quest for the Orb.
     0 | D:1      | Reached XP level 1. HP: 16/16 MP: 3/3
   263 | D:1      | Reached XP level 2. HP: 17/23 MP: 5/5
   974 | D:2      | Reached skill level 1 in Armour
   974 | D:2      | Reached XP level 3. HP: 21/28 MP: 2/6
  1046 | D:2      | Learned a level 3 spell: Regeneration
  1907 | D:2      | Reached XP level 4. HP: 19/34 MP: 3/7
  2784 | D:3      | Noticed Grinder
  2801 | D:3      | HP: 1/34 [Grinder (3)]
  2805 | D:3      | Slain by Grinder

Skill      XL: |  1  2  3 |
---------------+----------+-----
Armour         | 1 |  1.7
Dodging        | 2 |  2.4
Fighting       | |  2.9
Polearms       | |  3.9
Stealth        | |  0.8
Spellcasting   | |  2.3
Charms         | |  3.6

Action                   |  1- 3 |  4- 6 || total
-------------------------+-------+-------++-------
Melee: Spear             |   159 |   114 ||   273
Throw: Tomahawk          |     1 |     4 ||     5
 Cast: Infusion          |     4 |     3 ||     7
       Regeneration      |       |     2 ||     2
  Use: Potion            |       |     3 ||     3
       Scroll            |       |     2 ||     2
  Eat: Chunk             |     3 |     3 ||     6
Armor: Leather armour    |    31 |    26 ||    57
       Skin              |       |     4 ||     4
Dodge: Dodged            |    58 |    66 ||   124
